 Dungeon Crawl Stone Soup version 0.24.1-14-gf8d2b509d9 (console) character file.

Game seed: 10282388301034540981, levelgen mode: deterministic

200250 Kagalorn the Peltast (level 17, -6/146 HPs)
             Began as a Minotaur Fighter on Aug 14, 2020.
             Was the Champion of the Shining One.
             Mangled by a wolf spider (7 damage)
             ... on level 4 of the Spider Nest on Aug 17, 2020.
             The game lasted 01:19:20 (30521 turns).

Kagalorn the Peltast (Minotaur Fighter)            Turns: 30521, Time: 01:19:21

Health: -6/146     AC: 13    Str: 34      XL:     17   Next: 87%
Magic:  0/34       EV: 11    Int:  9      God:    the Shining One [******]
Gold:   3181       SH: 26    Dex: 15 (17) Spells: 16/16 levels left

rFire    . . .     SeeInvis .   a - +8 broad axe "Detroig" {holy, rPois}
rCold    . . .     Gourm    .   L - +1 large shield {rPois}
rNeg     + + +     Faith    .   B - +4 crystal plate armour of Mitwask {Str+4 Stlth+}
rPois    +         Spirit   +   O - +2 hat
rElec    +         Reflect  .   X - scarf {repulsion}
rCorr    .         Harm     .   u - +3 pair of gloves of the Five Seas {rN+ Dex+5}
MR       +....                  M - +0 pair of boots
Stlth    ..........             J - amulet of guardian spirit
HPRegen  0.34/turn              Q - +1 ring of slaying
MPRegen  0.24/turn              Y - ring "Ureic" {rElec MP+9 Str+8}

@: lethally poisoned (-6 -> -14), corroded, glowing, repel missiles
A: retaliatory headbutt, horns 2
}: 1/15 runes: decaying
a: Divine Shield, Cleansing Flame, Summon Divine Warrior, Brand Weapon With Holy
Wrath, Renounce Religion


You were on level 4 of the Spider Nest.
You worshipped the Shining One.
The Shining One was exalted by your worship.
You were not hungry.

You visited 6 branches of the dungeon, and saw 32 of its levels.
You also visited: Bailey and Gauntlet.

You collected 3405 gold pieces.
You spent 224 gold pieces at shops.

Inventory:

Hand Weapons
 a - the +8 broad axe "Detroig" (weapon) {holy, rPois}
   (You acquired it on level 1 of the Swamp)

   It has been blessed by the Shining One to cause great damage to the undead
   and demons.
   It protects you from poison.
 b - a +4 broad axe of freezing
Missiles
 x - 6 throwing nets (quivered)
 V - 11 silver javelins
Armour
 u - the +3 pair of gloves of the Five Seas (worn) {rN+ Dex+5}
   (You found it on level 3 of the Swamp)

   It affects your dexterity (+5).
   It protects you from negative energy.
 B - the +4 crystal plate armour of Mitwask (worn) {Str+4 Stlth+}
   (You found it in a bailey)

   It affects your strength (+4).
   It makes you more stealthy.
 G - a +4 chain mail of fire resistance
 L - a +1 large shield of poison resistance (worn)
 M - a +0 pair of boots (worn)
 O - a +2 hat (worn)
 X - a scarf of repulsion (worn)
Jewellery
 H - an uncursed ring of protection from cold
 J - an amulet of guardian spirit (around neck)
 Q - a +1 ring of slaying (left hand)
 Y - the ring "Ureic" (right hand) {rElec MP+9 Str+8}
   (You found it on level 6 of the Lair of Beasts)

   [ring of magical power]

   It affects your strength (+8).
   It insulates you from electricity.
   It affects your magic capacity (+9).
Wands
 e - a wand of digging (22)
 i - a wand of polymorph (26)
 o - a wand of iceblast (32)
 r - a wand of flame (44)
 C - a wand of acid (8)
 D - a wand of paralysis (6)
 R - a wand of scattershot (10)
Scrolls
 c - 10 scrolls of remove curse
 g - 6 scrolls of identify
 j - 5 scrolls of fear
 m - 5 scrolls of amnesia
 n - 7 scrolls of magic mapping
 v - 7 scrolls of teleportation
 y - 6 scrolls of enchant armour
 A - 5 scrolls of fog
 I - a scroll of summoning
 N - 2 scrolls of holy word
Potions
 d - 2 potions of might
 h - 14 potions of curing
 k - 3 potions of flight
 l - 3 potions of brilliance
 p - 3 potions of berserk rage
 q - 4 potions of haste
 t - 7 potions of agility
 z - 3 potions of magic
 E - a potion of resistance
 F - 4 potions of ambrosia
 K - a potion of cancellation
 T - 3 potions of lignification
 U - 2 potions of mutation
 W - 5 potions of heal wounds
Miscellaneous
 s - a box of beasts
 S - 2 sacks of spiders
Comestibles
 f - 53 rations


   Skills:
 + Level 12.0 Fighting
 - Level 18.0 Axes
 + Level 12.1 Armour
 - Level 10.0 Dodging
 + Level 19.0 Shields
 - Level 12.0 Invocations
 - Level 12.0 Evocations


You had 16 spell levels left.
You didn't know any spells.
Your spell library contained the following spells:

 Spells                   Type           Power        Failure   Level  Hunger
 Corona                   Hex            #......      100%        1    ##.....
 Flame Tongue             Conj/Fire      #....        100%        1    ##.....
 Magic Dart               Conj           #...         100%        1    ##.....
 Summon Butterflies       Summ           #.......     100%        1    ##.....
 Call Imp                 Summ           #.......     100%        2    ###....
 Ensorcelled Hibernation  Hex/Ice        #.....       100%        2    ###....
 Searing Ray              Conj           #.....       100%        2    ###....
 Throw Flame              Conj/Fire      #.....       100%        2    ###....
 Confuse                  Hex            #.......     100%        3    ####...
 Conjure Flame            Conj/Fire      #.......     100%        3    ####...
 Dazzling Spray           Conj/Hex       #.....       100%        3    ####...
 Inner Flame              Hex/Fire       #.......     100%        3    ####...
 Recall                   Summ/Tloc      N/A          100%        3    ####...
 Summon Guardian Golem    Hex/Summ       #.......     100%        3    ####...
 Tukima's Dance           Hex            #.......     100%        3    ####...
 Animate Dead             Necr           N/A          100%        4    #####..
 Cause Fear               Hex            #.........   100%        4    #####..
 Force Lance              Conj/Tloc      #.......     100%        4    #####..
 Fulminant Prism          Conj/Hex       #.........   100%        4    #####..
 Iskenderun's Mystic Bla  Conj           #.......     100%        4    #####..
 Sticky Flame             Conj/Fire      #.......     100%        4    #####..
 Summon Ice Beast         Ice/Summ       #.......     100%        4    #####..
 Borgnjor's Vile Clutch   Necr/Erth      #.........   100%        5    ######.
 Fireball                 Conj/Fire      #.........   100%        5    ######.
 Irradiate                Conj/Tmut      #.........   100%        5    ######.
 Darkness                 Hex            #.........   100%        6    #######
 Death Channel            Necr           #.........   100%        6    #######
 Hydra Form               Tmut           #.........   100%        6    #######
 Shadow Creatures         Summ           N/A          100%        6    #######
 Simulacrum               Ice/Necr       #.........   100%        6    #######
 Statue Form              Tmut/Erth      #........    100%        6    #######
 Dragon Form              Tmut           #.........   100%        7    #######
 Dragon's Call            Summ           #.........   100%        9    #######


Dungeon Overview and Level Annotations

Branches:
Dungeon (15/15)            Temple (1/1) D:6            Lair (6/6) D:11
  Swamp (4/4) Lair:3       Spider (4/4) Lair:2        Slime (0/5) Lair:5
    Orc (2/2) D:11            Elf (0/3) Orc:2        Vaults (0/5) D:14
 Depths (0/5) D:15         Bailey (visited)         Gauntlet (visited)

Altars:
Ashenzari
Cheibriados
Dithmenos
Elyvilon
Fedhas
Gozag
Hepliaklqana
Kikubaaqudgha
Makhleb
Nemelex Xobeh
Okawaru
Qazlal
Ru
Sif Muna
Trog
Uskayaw
Vehumet
Wu Jian
Xom
Yredelemnul
Zin
The Shining One
Beogh
Jiyva

Shops:
D:12 (!   Orc:2 [:*(

Portals:
Trove: D:10 (give +4 storm dragon scales)


Innate Abilities, Weirdness & Mutations

You reflexively headbutt those who attack you in melee.
You have a pair of horns on your head.


Message History

You don't know any spells.
Okay, then.
Search for what [Enter for "broad", or ? for help]? blink Can't find anything matching that.
You feel much better.
You feel sick. The redback misses you. You furiously retaliate!
You headbutt the redback, but do no damage.
You block the wolf spider's attack. x2
The redback bites you but does no damage.
The ghost moth hits you.
* * * LOW HITPOINT WARNING * * *
You feel clumsy. You block the ghost moth's attack. The ghost moth stings you.
* * * LOW HITPOINT WARNING * * *
The tarantella bites you.
* * * LOW HITPOINT WARNING * * *
The wolf spider hits you!!
* * * LOW HITPOINT WARNING * * *
The wolf spider bites you!
You die...

..#...†††...#....$.
.#...:......^#%....
^......)#.......#.. #
....#^ss#.a.#.... ..
#.^#..s..#.#....# ...
....$...s.##.#..# ....
...#.....sa..##.#....
..##......y.ss)..##...
.........(.ss@<^...^.^
...^.......y...##.##.
..#...........^.^..
........#..#.......#
.......####.........
###### ##########


You could see an emperor scorpion, a ghost moth (invisible), an entropy weaver,
a demonic crawler, 2 wolf spiders, a moth of wrath, a tarantella (berserk) and 4
redbacks.

Vanquished Creatures
  Nikola (Swamp:2)
  A tentacled monstrosity (Swamp:3)
  Gastronok (Lair:3)
  A thorn hunter (Swamp:1)
  Louise (D:15)
  An orc warlord (Orc:2)
  4 emperor scorpions
  Aizul (Swamp:1)
  3 entropy weavers
  The ghost of Mryle the Unseen, a journeyman SpEn of Dithmenos (Swamp:1)
  A spark wasp (Spider:3)
  Azrael (D:14)
  A fire dragon (Lair:6)
  Harold (D:7)
  A vault guard (D:14)
  A yaktaur captain (D:15)
  An ogre mage (Orc:2)
  A shambling mangrove (Swamp:4)
  25 hydras
  5 centaur warriors
  Erica (Lair:2)
  3 ghost crabs
  9 alligators
  8 two-headed ogres
  A tengu warrior (D:15)
  Nergalle (Lair:3)
  A death yak (Lair:2)
  An orc high priest (Orc:2)
  A deep elf knight (D:14)
  A spriggan druid (Swamp:4)
  A wizard (D:14)
  3 unseen horrors
  14 swamp dragons
  4 lindwurms
  5 orc knights
  2 necromancers (D:14)
  10 ugly things
  24 wolf spiders
  9 orb spiders
  3 orc sorcerers (Orc:2)
  2 manticores
  A cyclops (D:15)
  3 elephants (Lair:4)
  4 black mambas
  2 moths of wrath
  A gargoyle (D:12)
  Joseph (D:7)
  17 spiny frogs
  9 torpor snails
  2 kobold demonologists (D:13)
  2 rime drakes (Lair:4)
  4 komodo dragons
  A yaktaur (D:15)
  6 demonic crawlers
  18 tyrant leeches
  7 meliai
  21 jumping spiders
  4 raiju (Lair:6)
  A queen bee (D:12)
  8 trolls
  A jumping spider (shapeshifter) (D:13)
  Prince Ribbit (D:7)
  18 polar bears
  A raiju (shapeshifter) (D:15)
  22 hornets
  24 slime creatures
  9 hippogriffs
  10 blink frogs
  2 bog bodies
  A dream sheep (Lair:6)
  27 tarantellas
  50 redbacks
  3 wraiths
  4 spriggans
  8 shadows
  3 wyverns
  36 yaks
  2 basilisks
  3 hogs (D:7)
  11 humans
  3 fire elementals (D:14)
  A chaos spawn (Gauntlet)
  18 insubstantial wisps
  13 vampire mosquitoes
  19 swamp worms
  9 wargs
  7 water moccasins
  13 hell hounds
  34 orc warriors
  17 black bears
  8 porcupines
  11 swamp drakes
  4 eyes of draining
  2 ice beasts (D:15)
  3 phantoms
  4 sky beasts
  7 ogres
  30 wolves
  7 centaurs
  14 crocodiles
  A big kobold (D:8)
  13 bullfrogs
  A gnoll sergeant (D:8)
  A wyvern skeleton (D:14)
  12 killer bees
  4 jellies
  5 electric eels
  6 howler monkeys
  2 bullfrog zombies
  2 crimson imps
  3 centaur zombies
  8 hounds
  16 orc priests
  A bullfrog skeleton (D:9)
  3 centaur skeletons
  An iguana (D:5)
  22 orc wizards
  15 worker ants
  2 hound skeletons
  12 gnolls
  14 adders
  A shadow imp (D:14)
  An adder skeleton (D:6)
  4 dart slugs
  6 leopard geckos
  94 orcs
  A ball python (D:4)
  7 giant cockroaches
  14 goblins
  4 hobgoblins
  6 quokkas
  4 bats
  6 frilled lizards
  A jackal skeleton (D:8)
  22 kobolds
  2 rats (D:1)
  4 fungi
  3 plants (Lair:6)
  2 withered plants (Swamp:1)
1055 creatures vanquished.

Vanquished Creatures (collateral kills)
  Rupert (D:13)
  Jorgrun (D:15)
  A minotaur (Gauntlet)
  A death ooze (Gauntlet)
  A vault guard (D:14)
  A wizard (D:14)
  An orc knight (Orc:2)
  A minotaur zombie (Gauntlet)
  A troll (D:13)
  4 meliai
  A slime creature (D:13)
  A hippogriff (D:13)
  2 shadows (Gauntlet)
  A fire elemental (D:14)
  A chaos spawn (Gauntlet)
  8 humans (D:14)
  A vampire mosquito (D:14)
  A neqoxec (Gauntlet)
  A hell hound (D:14)
  An orc warrior (Orc:2)
  A phantom (D:13)
  A wyvern zombie (D:13)
  4 orcs
37 creatures vanquished.

Vanquished Creatures (others)
  A lindwurm (Swamp:4)
  A meliai (Spider:2)
  A swamp drake (Swamp:2)
  An orc (D:11)
  6 fungi
  16 plants
26 creatures vanquished.

Grand Total: 1118 creatures vanquished

Notes
Turn   | Place    | Note
-------+----------+-------------------------------------------
     0 | D:1      | Kagalorn the Minotaur Fighter began the quest for the Orb.
     0 | D:1      | Reached XP level 1. HP: 19/19 MP: 0/0
   155 | D:1      | Reached XP level 2. HP: 27/27 MP: 1/1
   588 | D:2      | Reached XP level 3. HP: 31/33 MP: 2/2
   615 | D:2      | Reached skill level 1 in Dodging
   620 | D:2      | Reached skill level 4 in Shields
   793 | D:2      | Reached XP level 4. HP: 37/40 MP: 3/3
  1211 | D:3      | Found a sacrificial altar of Ru.
  1318 | D:3      | Found a radiant altar of Vehumet.
  2026 | D:4      | Reached XP level 5. HP: 46/46 MP: 4/4
  2183 | D:4      | Found an opulent altar of Gozag.
  2308 | D:4      | Found a shattered altar of Ashenzari.
  2308 | D:4      | Found a glowing golden altar of the Shining One.
  2323 | D:4      | Became a worshipper of the Shining One
  2342 | D:4      | Found an iron altar of Okawaru.
  2658 | D:4      | Reached XP level 6. HP: 43/53 MP: 5/5
  2672 | D:4      | Reached skill level 5 in Axes
  2941 | D:5      | Entered Level 5 of the Dungeon
  3053 | D:5      | Found a hide-covered altar of Uskayaw.
  3145 | D:5      | Reached skill level 1 in Invocations
  3181 | D:5      | Reached skill level 5 in Armour
  3281 | D:5      | Reached skill level 5 in Shields
  3462 | D:5      | Reached XP level 7. HP: 56/60 MP: 7/7
  3628 | D:5      | Reached skill level 5 in Fighting
  3714 | D:6      | Found the +2 ratskin cloak {+Rats rPois rN+ Str-1 Int-1
                  | Dex+1}
  3732 | D:6      | Found a bloodstained altar of Trog.
  3732 | D:6      | Found an ancient bone altar of Kikubaaqudgha.
  3732 | D:6      | Found a blossoming altar of Fedhas.
  3732 | D:6      | Found an opulent altar of Gozag.
  3832 | D:6      | Found a staircase to the Ecumenical Temple.
  3834 | D:6      | Reached * piety under the Shining One
  3868 | Temple   | Entered the Ecumenical Temple
  4197 | D:6      | Found a shadowy altar of Dithmenos.
  4197 | D:6      | Found a hazy altar of Hepliaklqana.
  4460 | D:7      | Noticed Harold
  4493 | D:7      | Killed Harold
  4493 | D:7      | Reached skill level 6 in Shields
  4493 | D:7      | Reached XP level 8. HP: 18/70 MP: 9/9
  4848 | D:7      | Found a sparkling altar of Nemelex Xobeh.
  4980 | D:7      | Noticed Joseph
  4988 | D:7      | Killed Joseph
  4988 | D:7      | Reached XP level 9. HP: 77/78 MP: 10/10
  5078 | D:7      | Noticed Prince Ribbit
  5086 | D:7      | Killed Prince Ribbit
  5086 | D:7      | Reached skill level 5 in Dodging
  5219 | D:7      | Reached skill level 7 in Shields
  5594 | D:8      | Reached ** piety under the Shining One
  5760 | D:8      | Reached XP level 10. HP: 86/86 MP: 12/12
  6094 | D:9      | Noticed a two-headed ogre
  6104 | D:9      | Killed a two-headed ogre
  6104 | D:9      | Reached skill level 10 in Axes
  6104 | D:9      | Reached skill level 5 in Invocations
  6159 | D:9      | Found a flagged portal.
  6184 | Bailey   | Entered a bailey
  6404 | Bailey   | Noticed an orc knight
  6676 | Bailey   | Got a faintly humming crystal plate armour
  6690 | Bailey   | Identified the +4 crystal plate armour of Mitwask {Str+4
                  | Stlth+} (You found it in a bailey)
  6710 | Bailey   | Identified the Catalogue of the Escort and Malediction
  6922 | Bailey   | Killed an orc knight
  6922 | Bailey   | Reached skill level 8 in Shields
  7611 | D:10     | Entered Level 10 of the Dungeon
  7770 | D:10     | Found a portal to a secret trove of treasure.
  7873 | D:10     | Noticed an unseen horror
  7881 | D:10     | Killed an unseen horror
  7881 | D:10     | Reached XP level 11. HP: 95/95 MP: 14/14
  8434 | D:11     | Noticed a centaur warrior
  8444 | D:11     | Killed a centaur warrior
  8466 | D:11     | Found a staircase to the Orcish Mines.
  8561 | D:11     | Reached *** piety under the Shining One
  8585 | D:11     | Reached skill level 9 in Shields
  8769 | D:11     | Found a staircase to the Lair.
  9355 | D:12     | Found Zuifevoh's Distillery.
  9359 | D:12     | Bought a potion of curing for 48 gold pieces
  9359 | D:12     | Bought a potion of lignification for 48 gold pieces
  9359 | D:12     | Bought a potion of mutation for 128 gold pieces
  9392 | D:12     | Noticed a cyan ugly thing
  9396 | D:12     | Found Laac's Antique Weapon Emporium.
  9999 | D:12     | Killed a cyan ugly thing
 10626 | Lair:1   | Entered Level 1 of the Lair of Beasts
 10940 | Lair:1   | Noticed Sonja
 10943 | Lair:1   | Noticed Sonja
 10943 | Lair:1   | Sonja changed into Sonja the hornet
 10950 | Lair:1   | Killed Sonja the hornet
 11036 | Lair:1   | Reached **** piety under the Shining One
 11043 | Lair:1   | Reached XP level 12. HP: 103/106 MP: 16/16
 11609 | Lair:2   | Reached skill level 10 in Fighting
 11609 | Lair:2   | Reached skill level 10 in Armour
 11847 | Lair:2   | Reached skill level 10 in Shields
 11914 | Lair:2   | Found a hole to the Spider Nest.
 12242 | Lair:2   | Noticed an eight-headed hydra
 12257 | Lair:2   | Killed a three-headed hydra
 12281 | Lair:2   | Noticed Erica
 12293 | Lair:2   | Killed Erica
 12684 | Lair:3   | Noticed a six-headed hydra
 12689 | Lair:3   | Killed a three-headed hydra
 12773 | Lair:3   | Noticed Gastronok
 12773 | Lair:3   | Noticed a death yak
 12804 | Lair:2   | Killed a death yak
 12804 | Lair:2   | Reached skill level 11 in Shields
 12953 | Lair:3   | Killed Gastronok
 12953 | Lair:3   | Reached XP level 13. HP: 85/113 MP: 18/18
 13035 | Lair:3   | Found a staircase to the Swamp.
 13534 | Lair:4   | Noticed Nergalle
 13572 | Lair:3   | Killed Nergalle
 13638 | Lair:3   | Reached skill level 10 in Dodging
 13779 | Lair:4   | Reached skill level 15 in Axes
 14664 | Lair:5   | Found a viscous altar of Jiyva.
 14665 | Lair:5   | Found a staircase to the Slime Pits.
 14742 | Lair:5   | Reached ***** piety under the Shining One
 14835 | Lair:5   | Reached skill level 12 in Shields
 14863 | Lair:5   | Found a gate leading to a gauntlet.
 14874 | Gauntlet | Entered a Gauntlet
 14874 | Gauntlet | Found a transporter.
 14874 | Gauntlet | Found a transporter.
 14883 | Gauntlet | Found a transporter.
 14886 | Gauntlet | Found a transporter.
 14894 | Gauntlet | Found a transporter.
 14898 | Gauntlet | Found a transporter.
 14914 | Gauntlet | Found a transporter.
 14921 | Gauntlet | Found a transporter.
 14925 | Gauntlet | Found a runed translucent door.
 14939 | Gauntlet | Found a transporter.
 14940 | Gauntlet | Found a transporter.
 14942 | Gauntlet | Found a runed translucent gate.
 14942 | Gauntlet | Found a runed translucent gate.
 14942 | Gauntlet | Found a runed translucent gate.
 14948 | Gauntlet | Found a transporter.
 14952 | Gauntlet | Found a transporter.
 14953 | Gauntlet | Noticed a death ooze
 15088 | Gauntlet | Killed a death ooze
 15136 | Gauntlet | Got a vibrating copper amulet
 15199 | Gauntlet | Noticed a minotaur
 15206 | Gauntlet | Killed a minotaur
 15290 | Gauntlet | Identified the amulet of Syapt {Harm *Drain rC- MP+9 Str+6
                  | Int+2} (You found it in a Gauntlet)
 16088 | Lair:6   | Entered Level 6 of the Lair of Beasts
 16298 | Lair:6   | Found a runed translucent door.
 16299 | Lair:6   | Noticed a fire dragon
 16311 | Lair:6   | Reached skill level 1 in Evocations
 16353 | Lair:6   | Paralysed by a hornet for 2 turns
 16359 | Lair:6   | Reached XP level 14. HP: 91/121 MP: 20/20
 16366 | Lair:6   | Reached skill level 10 in Invocations
 17428 | Lair:6   | Got a wavering platinum ring
 17622 | Lair:6   | Reached skill level 13 in Shields
 17632 | Lair:6   | Reached ****** piety under the Shining One
 17853 | Lair:6   | Identified the ring "Ureic" {rElec MP+9 Str+8} (You found
                  | it on level 6 of the Lair of Beasts)
 18425 | D:13     | Got a warped war axe
 18686 | D:13     | Noticed Rupert
 18703 | D:13     | Killed Rupert
 19274 | D:14     | Noticed Azrael
 19307 | D:14     | Killed Azrael
 19529 | D:14     | Identified the +1 war axe of the Lonely Orbs {chop, Int+4
                  | Dex+2} (You found it on level 13 of the Dungeon)
 19849 | D:14     | Reached XP level 15. HP: 103/126 MP: 22/22
 19865 | D:14     | Paralysed by a wizard for 7 turns
 19882 | D:14     | Reached skill level 5 in Evocations
 19927 | D:14     | Found a gate to the Vaults.
 20254 | D:15     | Entered Level 15 of the Dungeon
 20422 | D:15     | Found a staircase to the Depths.
 20434 | D:15     | Reached skill level 14 in Shields
 20578 | D:15     | Noticed Louise
 20589 | D:15     | Killed Louise
 20632 | D:15     | Noticed Jorgrun
 20643 | D:15     | Killed Jorgrun
 20902 | D:15     | Identified the +3 long sword of Generosity {elec, *Noise
                  | rF+ MR+ Dex+3}
 21186 | Orc:1    | Entered Level 1 of the Orcish Mines
 21688 | Orc:2    | Entered Level 2 of the Orcish Mines
 21688 | Orc:2    | Found a staircase to the Elven Halls.
 22245 | Orc:2    | Found a roughly hewn altar of Beogh.
 22471 | Orc:2    | Reached skill level 15 in Shields
 22637 | Orc:2    | Noticed an orc warlord
 22671 | Orc:2    | Killed an orc warlord
 22689 | Orc:2    | Found a roughly hewn altar of Beogh.
 22699 | Orc:2    | Paralysed by an orc sorcerer for 4 turns
 23427 | Orc:2    | Found Plog's Antique Armour Shoppe.
 23456 | Orc:2    | Found Zoriot's Book Shoppe.
 23659 | Orc:2    | Found Ocos's Antique Weapon Shoppe.
 23703 | Orc:2    | Found Yfomeon's General Store.
 23885 | Swamp:1  | Entered Level 1 of the Swamp
 24110 | Swamp:1  | Found a runed translucent door.
 24111 | Swamp:1  | Noticed Mryle's ghost (journeyman SpEn)
 24323 | Swamp:1  | Killed Mryle's ghost
 24331 | Swamp:1  | Identified a scroll of acquirement
 24334 | Swamp:1  | Got a brightly glowing broad axe
 24432 | Swamp:1  | Reached XP level 16. HP: 134/134 MP: 24/24
 24777 | Swamp:1  | Reached skill level 16 in Shields
 24826 | Swamp:1  | Got a transparent chain mail
 25130 | Swamp:2  | Noticed a thorn hunter
 25132 | Swamp:2  | Noticed Aizul
 25143 | Swamp:1  | Killed a thorn hunter
 25227 | Swamp:1  | Killed Aizul
 25845 | Swamp:2  | Noticed Nikola
 25858 | Swamp:2  | Killed Nikola
 25883 | Swamp:2  | Identified the cursed +0 chain mail "Ceideluk" {Str+6} (You
                  | found it on level 1 of the Swamp)
 25883 | Swamp:2  | Identified the +8 broad axe "Detroig" {holy, rPois} (You
                  | acquired it on level 1 of the Swamp)
 26169 | Swamp:3  | Reached skill level 10 in Evocations
 26361 | Swamp:3  | Reached skill level 17 in Shields
 26553 | Swamp:3  | Noticed a tentacled monstrosity
 26568 | Swamp:3  | Killed a tentacled monstrosity
 26760 | Swamp:3  | Got a pair of polished gloves
 26771 | Swamp:3  | Identified the +3 pair of gloves of the Five Seas {rN+
                  | Dex+5} (You found it on level 3 of the Swamp)
 26980 | Swamp:4  | Entered Level 4 of the Swamp
 27390 | Swamp:4  | Reached skill level 18 in Shields
 27391 | Swamp:4  | Reached XP level 17. HP: 127/140 MP: 25/25
 27502 | Swamp:4  | Got a decaying rune of Zot
 28051 | Spider:1 | Entered Level 1 of the Spider Nest
 28834 | Spider:1 | Identified the Disquisition on the Entourage
 29650 | Spider:2 | Got a vibrating emerald amulet
 29651 | Spider:2 | Identified the amulet of Beauty {Acrobat +Inv Dex+3} (You
                  | found it on level 2 of the Spider Nest)
 30097 | Spider:3 | Reached skill level 19 in Shields
 30318 | Spider:4 | Entered Level 4 of the Spider Nest
 30520 | Spider:4 | HP: 4/146 [wolf spider (18)]
 30521 | Spider:4 | HP: 1/146 [wolf spider (18)]
 30521 | Spider:4 | Mangled by a wolf spider

Levels and vault maps discovered:
D:1:      noname_arrival_rooms_in_the_neighbourhood, layout_basic,
          minmay_misc_feat_tower, hex_large
D:2:      layout_loops_ring
D:3:      minmay_spotlight, layout_basic, vehumet_crystals,
          overflow_temple_1_default, st_stairs_8
D:4:      layout_basic, kennysheep_okawaru_gauntlet, minitemple,
          nicolae_gozag_seed_capital
D:5:      layout_gridville, eat_drink_and_be_merry_uskayaw, first_ration
D:6:      layout_basic, gammafunk_temple_overflow_wave,
          chequers_temple_overflow_statue_of_worship,
          minmay_temple_entry_statues_pillars
D:7:      layout_basic, kennysheep_mini_moat, grunt_livestock, nrook_uturn,
          uniq_prince_ribbit1, uniq_harold, uniq_joseph
D:8:      layout_loops_cross
D:9:      layout_roguey, lightli_bailey_entry_fortress
D:10:     layout_irregular_city, enter_trove_1
D:11:     layout_basic, erik_lair_island, orc_0_dummy, minmay_misc_feat_five
D:12:     layout_layer_cave, special_room [special_room_bee], serial_shops,
          shop, nicolae_shop_temple_entry_statues_fountains
D:13:     minmay_curly_fans, layout_basic, uniq_rupert
D:14:     layout_cave_pods, grunt_vaults_entry_tiered, hangedman_decor_lopped,
          st_stairs_6, uniq_azrael
D:15:     grunt_enter_depths_snipers, layout_basic, solitary_fountain,
          minmay_misc_feat_cross, minmay_fractal_squares_diagonal_5,
          uniq_louise, uniq_jorgrun
Temple:   dpeg_three_leaves_temple
Lair:1:   beast_lair_carwin_large_4, layout_chaotic_city, uniq_sonja
Lair:2:   layout_chaotic_city, nicolae_spider_entry_tight_spaces,
          lemuel_fruit_fields, uniq_erica
Lair:3:   layout_regular_city, minmay_swamp_entry_worms, lemuel_fruit_fields,
          uniq_gastronok
Lair:4:   layout_cave_pods, uniq_nergalle
Lair:5:   layout_layer_cave, dpeg_slime_entry_enclosed_altar,
          gauntlet_entry_generic
Lair:6:   wormcave, layout_regular_city, hangedman_lair_caniforms_friends
Swamp:1:  layout_basic_swamp, gammafunk_ghost_grave,
          nicolae_swamp_round_clearing, swamp_pool5, st_swamp_ruins_1
Swamp:2:  layout_falls_marsh, evilmike_swamp_ruin_house_2, swamp_pool2,
          uniq_aizul, uniq_nikola
Swamp:3:  layout_falls_marsh, nicolae_swamp_fairy_circle
Swamp:4:  swamp_alternative, layout_basic_swamp, swamp_pool2,
          infiniplex_staircase_pool
Spider:1: layout_spider_delve, drop_trap, hangedman_spider_trapstep
Spider:2: layout_spider_delve, hangedman_spider_trapstep
Spider:3: layout_spider_delve
Spider:4: grunt_spider_rune_circles
Orc:1:    layout_diamond_mine
Orc:2:    grunt_orc_cross, layout_caves, mines2_david

Skill      XL: |  1  2  3  4  5  6  7  8  9 10 11 12 13 14 15 16 17 |
---------------+----------------------------------------------------+-----
Axes           | 3 4 5 7 8 9 11 12 14 16 17 18 | 18.0
Dodging        | 1 2 4 5 6 8 9 10 | 10.0
Armour         | 4 5 6 7 8 9 10 12 | 12.1
Shields        | 4 5 6 7 8 9 11 12 13 15 18 19 | 19.0
Fighting       | 4 6 7 8 9 10 12 | 12.0
Invocations    | 1 3 4 5 7 8 9 11 12 | 12.0
Evocations     | 1 4 8 11 12 | 12.0

Action                   |  1- 3 |  4- 6 |  7- 9 | 10-12 | 13-15 | 16-18 || total
-------------------------+-------+-------+-------+-------+-------+-------++-------
Melee: War axe           |    81 |    42 |       |       |   609 |   132 ||   864
       Headbutt          |     7 |    19 |    43 |   197 |   440 |   256 ||   962
       Hand axe          |       |   101 |   221 |   734 |   958 |   122 ||  2136
       Broad axe         |       |       |       |       |       |   596 ||   596
Invok: Divine Shield     |       |       |       |     2 |       |       ||     2
       Summon Divine War |       |       |       |       |     8 |       ||     8
Evoke: Wand              |       |       |     3 |    12 |       |     2 ||    17
  Use: Scroll            |       |    12 |     2 |     8 |    11 |    12 ||    45
       Potion            |       |     2 |       |     2 |       |     1 ||     5
  Eat: Chunk             |       |     8 |     8 |    12 |    18 |     8 ||    54
       Ration            |       |       |       |     4 |     6 |     4 ||    14
Armor: Scale mail        |    37 |    18 |       |       |       |       ||    55
       Chain mail        |       |    51 |    61 |    26 |     8 |       ||   146
       Plate armour      |       |       |    17 |       |       |       ||    17
       Crystal plate arm |       |       |       |   371 |   527 |   441 ||  1339
Dodge: Dodged            |    28 |    42 |    44 |   114 |   171 |   231 ||   630
       Deflected         |       |       |       |       |       |    10 ||    10
Block: Shield            |    36 |    66 |    87 |    53 |       |       ||   242
       Large shield      |       |       |       |   692 |  1216 |  1022 ||  2930
